 Dungeon Crawl Stone Soup version 0.30-a0-777-ga9a30cbeda (webtiles) character file.

Game seed: 8511984471328286408

1470 kingofthe the Sneak (level 8, 0/46 HPs)
             Began as an Octopode Conjurer on Feb 14, 2023.
             Slain by a troll (12 damage)
             ... on level 6 of the Dungeon.
             The game lasted 00:16:01 (6804 turns).

kingofthe the Sneak (Octopode Conjurer)             Turns: 6804, Time: 00:16:02

Health: 0/46       AC:  1    Str:  6    XL:     8   Next: 78%
Magic:  3/15       EV: 20    Int: 21    God:
Gold:   310        SH:  0    Dex: 12    Spells: 3/17 levels left

rFire   . . .      SeeInvis .    j - +2 dagger (venom)
rCold   . . .      Faith    .    (no shield)
rNeg    . . .      Spirit   .    (helmet restricted)
rPois   +          Reflect  .    u - amulet of magic regeneration
rElec   .          Harm     .    e - ring of poison resistance
rCorr   .          Rampage  .    i - +5 ring of evasion
Will    .....                    (no ring)
Stlth   ++++                     (no ring)
HPRegen 0.27/turn                (no ring)
MPRegen 0.54/turn                (no ring)
                                 (no ring)
                                 (no ring)

@: no status effects
A: almost no armour, amphibious, 8 rings, camouflage 1, gelatinous body 1,
(nimble swimmer 1), tentacles
a: no special abilities


You were on level 6 of the Dungeon.
You visited 1 branch of the dungeon, and saw 6 of its levels.

You collected 310 gold pieces.

Inventory:

Hand Weapons
 j - a +2 dagger of venom (weapon)
 m - a +2 dagger of draining
Missiles
 q - a throwing net
Jewellery
 e - a ring of poison resistance (left tentacle)
 i - a +5 ring of evasion (right tentacle)
 u - an amulet of magic regeneration (around mantle)
Wands
 w - a wand of mindburst (12)
 x - a wand of flame (21)
Scrolls
 b - 5 scrolls of identify
 g - a scroll of enchant weapon {unknown}
 h - 2 scrolls of teleportation {unknown}
 n - a scroll of amnesia {unknown}
 p - a scroll of vulnerability {unknown}
 r - a scroll of fog {unknown}
 t - a scroll of noise {unknown}
Potions
 a - 2 potions of magic
 c - 2 potions of heal wounds
 d - 2 potions of curing {unknown}
 f - 4 potions of degeneration {unknown}
 k - 2 potions of flight {unknown}
 l - a potion of might {unknown}
 o - a potion of ambrosia {unknown}
 s - a potion of cancellation {unknown}
 v - a potion of mutation {unknown}


   Skills:
 * Level 5.8 Dodging
 + Level 6.1 Stealth
 + Level 5.2 Spellcasting
 + Level 6.0 Conjurations
 * Level 3.7 Hexes


You had 3 spell levels left.
You knew the following spells:

 Your Spells              Type           Power      Damage    Failure   Level
a - Magic Dart            Conj           100%       1d8       1%          1
b - Searing Ray           Conj           62%        2d6       1%          2
c - Dazzling Flash        Conj/Hex       52%        N/A       4%          3
d - Fulminant Prism       Conj/Hex       13%        3d9       14%         4
e - Hailstorm             Conj/Ice       18%        3d6       9%          3
y - Apportation           Tloc           10%        N/A       11%         1

Your spell library contained the following spells:

 Spells                   Type           Power      Damage    Failure   Level
 Static Discharge         Conj/Air       36%        2-4/arc   4%          2
 Beastly Appendage        Tmut           10%        N/A       11%         1
 Freeze                   Ice            20%        1d4       11%         1
 Necrotise                Necr           20%        1d5       11%         1
 Summon Small Mammal      Summ           20%        N/A       11%         1
 Wereblood                Tmut           5%         N/A       16%         2
 Frozen Ramparts          Ice            10%        1d2       32%         3
 Spider Form              Tmut/Pois      5%         N/A       32%         3
 Vhi's Electric Charge    Tloc/Air       10%        N/A       32%         3
 Iskenderun's Mystic Bla  Conj/Tloc      18%        2d6       30%         4
 Arcjolt                  Conj/Air       9%         1d19      63%         5
 Lightning Bolt           Conj/Air       9%         1d21      63%         5


Dungeon Overview and Level Annotations

Branches:
Dungeon (6/15)
 Temple: D:4-7

Altars:
Hepliaklqana
Qazlal


Innate Abilities, Weirdness & Mutations

You cannot wear most types of armour.
You are amphibious.
You can wear up to eight rings at the same time.
Your skin changes colour to match your surroundings (Stealth+).
Your rubbery body absorbs attacks. (AC +1, EV +1)
((You are camouflaged when in or above water. (Stealth+)))
You have tentacles for arms and can constrict up to eight enemies at once.


Message History

Blork the orc hits you with a +0 dire flail.
Blork the orc closely misses you.
Casting: Dazzling Flash (dangerous; 4% risk of failure)
Confirm with . or Enter, or press ? or * to list all spells.
Aiming: Searing Ray (safe; 1% risk of failure)
Press: ? - help, Shift-Dir - straight line, f - troll
Aim: a troll (79% to hit)
The searing ray hits Blork the orc.
Blork the orc is almost dead.
The searing ray hits the troll!
The troll is moderately wounded. (Press . to maintain the ray.) Blork the orc casts a spell at you.
The puff of frost misses you.
The searing ray hits Blork the orc.
Blork the orc is almost dead.
Blork the orc completely misses you.
Blork the orc gestures at you while chanting.
The magic dart hits you.
The searing ray hits Blork the orc.
You kill Blork the orc!
The searing ray hits the troll.
The troll is moderately wounded.
The searing ray hits the troll!
The troll is heavily wounded.
You finish channelling your searing ray.
The troll barely misses you. The troll claws you! x2
* * * LOW HITPOINT WARNING * * *
Casting: Searing Ray (safe; 1% risk of failure)
Confirm with . or Enter, or press ? or * to list all spells.
Aiming: Searing Ray (safe; 1% risk of failure)
Press: ? - help, Shift-Dir - straight line, f/p - troll
Aim: a troll (heavily wounded, 79% to hit)
The searing ray misses the troll. (Press . to maintain the ray.)
The troll barely misses you. The troll completely misses you. x2
The searing ray hits the troll!
The troll is heavily wounded.
The troll bites you!
You die...

#.###.........
#............#
####.........####
#...............
#.##..........#######
#.##########..#......
#...................#
############.T#.###.
#..[.@.# #.#....#
...#....# ### #....#
.....# .....##
....... .......#


You could see a troll.

Vanquished Creatures
  Grinder (D:3)
  Sigmund (D:3)
  A steam dragon (D:6)
  An ice beast (D:5)
  A black bear (D:5)
  An ogre (D:4)
  Blork the orc (D:6)
  A necrophage (D:6)
  2 orc priests
  A hound (D:5)
  A gnoll bouda (D:4)
  5 iguanas
  Natasha (D:4)
  2 orc wizards (D:4)
  9 adders
  7 gnolls
  An ufetubus (D:3)
  A worm (D:2)
  3 dart slugs
  15 orcs
  12 ball pythons
  6 endoplasms
  10 giant cockroaches
  8 goblins
  7 hobgoblins
  11 jackals
  7 quokkas
  4 bats
  6 frilled lizards
  6 kobolds
  3 rats
136 creatures vanquished.

Vanquished Creatures (others)
  29 plants (D:3)
  4 withered plants (D:3)
33 creatures vanquished.

Grand Total: 169 creatures vanquished

Notes
Turn   | Place    | Note
-------+----------+-------------------------------------------
     0 | D:1      | kingofthe the Octopode Conjurer began the quest for the
                  | Orb.
     0 | D:1      | Reached XP level 1. HP: 11/11 MP: 3/3
    75 | D:1      | Reached XP level 2. HP: 17/17 MP: 1/5
   286 | D:1      | Learned a level 2 spell: Searing Ray
   435 | D:1      | Reached XP level 3. HP: 21/21 MP: 3/7
  1501 | D:2      | Reached XP level 4. HP: 27/27 MP: 0/8
  2182 | D:2      | Reached XP level 5. HP: 31/31 MP: 4/10
  2448 | D:3      | Found a faded altar of an unknown god.
  2729 | D:3      | Noticed Sigmund
  2757 | D:3      | Killed Sigmund
  2758 | D:3      | Reached XP level 6. HP: 21/36 MP: 2/12
  2938 | D:3      | Found a stormy altar of Qazlal.
  3139 | D:3      | Noticed Grinder
  3182 | D:3      | Learned a level 3 spell: Dazzling Flash
  3191 | D:3      | Killed Grinder
  3192 | D:3      | Reached skill level 5 in Conjurations
  3192 | D:3      | Reached XP level 7. HP: 16/41 MP: 2/13
  4172 | D:4      | Reached skill level 1 in Hexes
  4447 | D:4      | Reached skill level 5 in Stealth
  4599 | D:4      | Noticed Natasha
  4606 | D:4      | Killed Natasha
  5176 | D:4      | Reached XP level 8. HP: 46/46 MP: 12/15
  5339 | D:5      | Entered Level 5 of the Dungeon
  5342 | D:5      | Learned a level 1 spell: Apportation
  5378 | D:5      | Reached skill level 5 in Dodging
  5800 | D:5      | Reached skill level 5 in Spellcasting
  5891 | D:5      | Found a hazy altar of Hepliaklqana.
  5918 | D:5      | Learned a level 4 spell: Fulminant Prism
  6399 | D:6      | Learned a level 3 spell: Hailstorm
  6783 | D:6      | Noticed Blork the orc
  6794 | D:6      | Noticed a troll
  6801 | D:6      | Killed Blork the orc
  6804 | D:6      | Slain by a troll

Illustrated notes

Levels and vault maps discovered:
D:1:      dpeg_arrival_line_fractal, layout_rooms, st_stairs_3,
          supply_closet_lemuel, minmay_hexomino_u4
D:2:      layout_basic
D:3:      wad_woods_stonehenge, layout_basic,
          shapermc_ecumenical_altar_flowoftime, minivault_26, uniq_grinder,
          uniq_sigmund
D:4:      layout_loops_ring, minivault_25, uniq_natasha
D:5:      layout_loops_ring, mainiacjoe_overflow_chevrons
D:6:      layout_basic, minmay_manual_mail, uniq_prince_ribbit1,
          uniq_blork_the_orc

Skill      XL: |  1  2  3  4  5  6  7  8 |
---------------+-------------------------+-----
Spellcasting   | 3 4 5 |  5.2
Stealth        | 3 4 5 6 |  6.1
Dodging        | 3 4 5 |  5.8
Conjurations   | 5 6 |  6.0
Hexes          | 2 3 |  3.7

Action                     |  1- 3 |  4- 6 |  7- 9 || total
---------------------------+-------+-------+-------++-------
  Melee: Unarmed           |    21 |    15 |       ||    36
         Tentacles         |     6 |     8 |     2 ||    16
         Constrict         |     6 |    14 |     3 ||    23
         Dagger            |       |     8 |     8 ||    16
   Cast: Magic Dart        |    67 |    57 |    72 ||   196
         Searing Ray       |     4 |    14 |    37 ||    55
         Dazzling Flash    |       |       |     2 ||     2
         Hailstorm         |       |       |     1 ||     1
    Use: Scroll            |       |       |     1 ||     1
         Potion            |       |       |     1 ||     1
 Armour: Skin              |       |       |     1 ||     1
  Dodge: Dodged            |    20 |    21 |    29 ||    70

Table legend: (Time is in decaauts)
 A = Elapsed time spent in this place.
 B = Non-inter-level travel time spent in this place.
 C = Inter-level travel time spent in this place.
 D = Time resting spent in this place.
 E = Time spent auto-exploring this place.
 F = Levels seen in this place.
 G = Mean time per level.
                   A        B        C        D        E       F      G
               +--------+--------+--------+--------+--------+-----+--------+
         Total |   6811 |   6516 |    295 |    274 |   5478 |   6 | 1135.2 |
       Dungeon |   6811 |   6516 |    295 |    274 |   5478 |   6 | 1135.2 |
               +--------+--------+--------+--------+--------+-----+--------+

Top non-repeatable levels by time:
     D:3: 1619 daAuts
     D:4: 1375 daAuts
     D:1: 1235 daAuts
     D:2: 1114 daAuts
     D:5: 1048 daAuts
     D:6: 417 daAuts
